cohdb
Replays
Latest Replays
All Replays
Popular Replays
Top Player Replays
Match Explorer
How It Works
Community
CoH3 Stats
Reddit
Sign in to upload your games and track your stats! →
Sign in with Steam
Match 45265741
Unlisted
Match 45265741
Overview
Messages
Build Orders
End
Panzerpioneer Squad
Panzerpioneer Squad
Selects Italian Infantry
Panzergrenadier Squad
Construct Light Support Kompanie
Selects Defensive Operations
2.5-tonne Medical Truck
Construct Mechanized Kompanie
Selects Guastatori Squad
254 Reconnaissance Tractor
Panzerjäger Squad
Construct Panzerarmee Kommand
Construct Panzerarmee Kommand
Panzerjäger Squad
Selects Registered Artillery
Registered Artillery
Registered Artillery
Emergency Repair Kits
Selects Towed Cannone da 105/28 Field Howitzer
Panzer III L Medium Tank
Bear
Boomgoesthedynamite
SneaKerz
gb_gbg
0
0
Comments
sign in to comment!
No comments posted yet!